 Dungeon Crawl Stone Soup version 0.21-a0-352-g5b8f553 (webtiles) character file.

63 4thArraOfDagon the Ruffian (level 3, 0/42 HPs)
             Began as a Centaur Transmuter on Oct 11, 2017.
             Succumbed to a worker ant's poison
             ... on level 4 of the Dungeon.
             The game lasted 00:05:48 (1203 turns).

4thArraOfDagon the Ruffian (Centaur Transmuter)     Turns: 1203, Time: 00:05:48

Health: 0/42       AC: 21    Str: 12    XL:     3   Next: 89%
Magic:  0/5        EV:  1    Int: 18    God:
Gold:   138        SH:  0    Dex:  9    Spells: 2/5 levels left

rFire    . . .     SeeInvis .     - Unarmed
rCold    . . .     Gourm    .   (no shield)
rNeg     + + +     Faith    .   (armour currently unavailable)
rPois    +         Spirit   .   (helmet currently unavailable)
rElec    .         Reflect  .   (cloak currently unavailable)
rCorr    .         Harm     .   (gloves currently unavailable)
MR       .....     NoTele   +   (no barding)
Stlth    +.........             (no amulet)
HPRegen  0.14/turn              (no ring)
MPRegen  0.09/turn              (no ring)

@: brilliant, lethally poisoned (0 -> -5), tree-form, hasted, very quick
A: no striking features
a: no special abilities


You were on level 4 of the Dungeon.
You were hungry.
You were a tree.
You visited 1 branch of the dungeon, and saw 4 of its levels.

You collected 138 gold pieces.

Inventory:

Hand Weapons
 f - a +2 vampiric short sword
 k - a +2 war axe of chopping
Missiles
 a - 24 arrows
Armour
 b - a +0 robe (melded)
 e - a +0 large shield
Scrolls
 i - a scroll of fog
 j - a scroll of immolation
 n - 2 scrolls of remove curse
Potions
 m - a potion of flight
Books
 c - a book of Changes

   Spells                             Type                      Level
   a - Beastly Appendage              Transmutation                1
   b - Sticks to Snakes               Transmutation                2
   c - Spider Form                    Transmutation/Poison         3
   d - Ice Form                       Ice/Transmutation            4
   e - Blade Hands                    Transmutation                5
Comestibles
 d - 3 bread rations
 h - a royal jelly
 l - 2 chunks of flesh


   Skills:
 + Level 1.4 Fighting
 + Level 1.7 Dodging
 - Level 4.0 Unarmed Combat
 - Level 1.5 Spellcasting
 * Level 2.4 Transmutations


You had 2 spell levels left.
You knew the following spells:

 Your Spells              Type           Power        Failure   Level  Hunger
a - Beastly Appendage     Tmut           ###...       1%          1    ##.....
b - Sticks to Snakes      Tmut           ###.....     1%          2    ###....


Dungeon Overview and Level Annotations

Branches:
Dungeon (4/15)
 Temple: D:4-7

Altars:
Yredelemnul


Innate Abilities, Weirdness & Mutations

((You have hooves in place of feet.))
((Armour fits poorly on your strangely shaped body.))
((You cover ground very quickly.))
((You have extremely tough skin. (AC +3)))


Message History

You feel sick.
Unknown command.
It was a potion of haste.
You feel yourself speed up.
Your adder bites the worker ant.
The worker ant dies!
Your adder looks stronger.
Unknown command.
It was a potion of brilliance.
You feel clever all of a sudden.
* * * LOW HITPOINT WARNING * * *
You feel sick.
Unknown command.
Unknown command.
* * * LOW HITPOINT WARNING * * *
You feel sick.
* * * LOW HITPOINT WARNING * * *
You feel sick.
* * * LOW HITPOINT WARNING * * *
You feel sick.
You die...

#.# #.#.## ###.#### ### ###.#.#.
### #......# #.. ..#.#.#. ...
#......# #.### #.#.#.#. ...
#......# #.#.#####.#.#.#. ...
###.#### #.#.....#.#.#÷#.
...#######.#######.#.###.#.#.#.#.
....[...........................<
...#######.###..♣#.#.#.###.#.#.#.
>................S...............
##############...#.#.#.###...#.##
#...#.#.#...#.......
#...#.#.#...........
#...#.#.#...........
#...#.#.#.........#. #...#.#
#.....###### #####.# .[...


You could see a friendly adder.

Vanquished Creatures
  An adder (D:2)
  An ooze (D:2)
  2 worms
  A dart slug (D:1)
  3 bats
  2 giant cockroaches
  4 goblins
  3 hobgoblins (D:2)
  3 jackals (D:4)
  A quokka (D:4)
  A frilled lizard (D:1)
  4 kobolds
  4 rats
30 creatures vanquished.

Vanquished Creatures (collateral kills)
  A worker ant (D:4)
1 creature vanquished.

Grand Total: 31 creatures vanquished

Notes
Turn   | Place    | Note
-------+----------+-------------------------------------------
     0 | D:1      | 4thArraOfDagon the Centaur Transmuter began the quest for the Orb.
     0 | D:1      | Reached XP level 1. HP: 16/16 MP: 3/3
   296 | D:1      | Reached XP level 2. HP: 20/23 MP: 1/4
   411 | D:2      | Learned a level 2 spell: Sticks to Snakes
   481 | D:2      | Reached skill level 4 in Unarmed Combat
   617 | D:2      | Reached XP level 3. HP: 15/28 MP: 1/5
   693 | D:2      | Found a basalt altar of Yredelemnul.
   693 | D:2      | Noticed a phantom
  1196 | D:4      | HP: 2/42 [poisoned by a worker ant]
  1203 | D:4      | Succumbed to a worker ant's poison

Vault maps used:
D:1:      scummos_arrival_hexagon
D:2:      overflow_temple_1_default, first_bread, trog_hazing_becter
D:3:      hangedman_abyss_or_decor_stabs, minivault_26, uniq_grinder,
          uniq_jessica, uniq_natasha, uniq_ijyb
D:4:      enter_ossuary_2

Skill      XL: |  1  2 |
---------------+-------+-----
Unarmed Combat | 4 |  4.0
Transmutations | 2 |  2.4
Fighting       | |  1.4
Dodging        | |  1.7
Spellcasting   | |  1.5

Action                   || total
-------------------------++-------
Melee: Unarmed           ||    95
       Kick              ||    12
       Headbutt          ||     1
 Cast: Beastly Appendage ||     9
       Sticks to Snakes  ||     7
  Use: Scroll            ||     6
       Potion            ||     3
  Eat: Chunk             ||     1
Armor: Robe              ||    23
Dodge: Dodged            ||    32

Table legend:
 A = Spawn XP
 B = Non-spawn XP
 C = Spawn XP percentage of total XP
 D = Spawn monster count
 E = Non-spawn monster count
 F = Spawn count percentage of total count
 G = Total turns spent on level
                    A         B        C        D         E        F      G
               +---------+---------+-------+---------+---------+-------+---------
         Total |       0 |      91 |   0.0 |       0 |      31 |   0.0 |  1203
               +---------+---------+-------+---------+---------+-------+---------
           D:1 |       0 |      19 |   0.0 |       0 |      12 |   0.0 |   602
           D:2 |       0 |      38 |   0.0 |       0 |      13 |   0.0 |   433
           D:4 |       0 |      34 |   0.0 |       0 |       6 |   0.0 |   163
               +---------+---------+-------+---------+---------+-------+---------
